 Dungeon Crawl Stone Soup version 0.27-a0-1081-ge8a0a9c698 (webtiles) character file.

Game seed: 11750136619841838739

2839 tardwrangler69 the Spear-Bearer (level 9, -17/72 HPs)
             Began as a Merfolk Gladiator on Apr 25, 2021.
             Was a Believer of Okawaru.
             Killed by the air
             ... invoked by Gastronok
              (28 damage)
             ... on level 8 of the Dungeon.
             The game lasted 00:06:25 (8136 turns).

tardwrangler69 the Spear-Bearer (Merfolk Gladiator) Turns: 8136, Time: 00:06:25

Health: -17/72     AC:  7    Str: 17    XL:     9   Next: 74%
Magic:  8/9        EV: 19    Int:  8    God:    Okawaru [**....]
Gold:   1074       SH:  0    Dex: 15    Spells: 8/8 levels left

rFire    + + +     SeeInvis .   e - +5 halberd of the Bouncing Coins {freeze, Contam *Corrode rF+++ rC+++}
rCold    + + +     Faith    .   (shield currently unavailable)
rNeg     . . .     Spirit   .   b - +0 leather armour
rPois    +         Reflect  .   c - +0 helmet
rElec    .         Harm     .   l - +0 cloak
rCorr    .         Rampage  .   k - +0 pair of gloves
Will     .....                  (no boots)
Stlth    +++.......             (no amulet)
HPRegen  0.22/turn              q - ring of poison resistance
MPRegen  0.11/turn              t - +4 ring of slaying

@: heroic
A: (nimble swimmer 2), mertail
a: Renounce Religion, Heroism


You were on level 8 of the Dungeon.
You worshipped Okawaru.
Okawaru was pleased with you.
You visited 2 branches of the dungeon, and saw 9 of its levels.

You collected 1107 gold pieces.
You spent 33 gold pieces at shops.

Inventory:

Hand Weapons
 a - a +0 trident
 e - the +5 halberd of the Bouncing Coins (weapon) {freeze, Contam *Corrode rF+++ rC+++}
   (You acquired it on level 1 of the Dungeon)

   It has been specially enchanted to freeze those struck by it, causing extra
   injury to most foes and up to half again as much damage against particularly
   susceptible opponents.
   It can also slow down cold-blooded creatures.
   It renders you almost immune to fire.
   It renders you almost immune to cold.
   It causes magical contamination when unequipped.
   It may corrode you when you take damage.
Missiles
 d - 3 throwing nets (quivered)
 o - 6 atropa-tipped darts
Armour
 b - a +0 leather armour (worn)
 c - a +0 helmet (worn)
 k - a +0 pair of gloves (worn)
 l - a +0 cloak (worn)
Jewellery
 q - a ring of poison resistance (left hand)
 t - a +4 ring of slaying (right hand)
 C - an amulet of magic regeneration
Wands
 n - a wand of iceblast (19)
 w - a wand of acid (9)
 x - a wand of paralysis (4)
 y - a wand of flame (22)
Scrolls
 g - 2 scrolls of blinking
 h - 4 scrolls of fog {unknown}
 m - 7 scrolls of teleportation
 p - 5 scrolls of identify {unknown}
 u - 4 scrolls of amnesia {unknown}
 A - a scroll of fear {unknown}
 B - a scroll of silence {unknown}
 D - a scroll of magic mapping {unknown}
Potions
 f - a potion of cancellation {unknown}
 i - 2 potions of mutation {unknown}
 j - 3 potions of curing {unknown}
 r - 2 potions of attraction {unknown}
 s - a potion of resistance {unknown}
 v - a potion of haste {unknown}
 z - 2 potions of invisibility {unknown}
 E - a potion of brilliance {unknown}


   Skills:
 + Level 7.5(12.5) Fighting
 * Level 13.3(18.3) Polearms
 - Level 2.0(7.0) Throwing
 + Level 9.4(14.4) Dodging


You had 8 spell levels left.
You didn't know any spells.
Your spell library contained the following spells:

 Spells                   Type           Power      Damage    Failure   Level
 Animate Skeleton         Necr           0%         N/A       45%         1
 Corona                   Hex            0%         N/A       45%         1
 Magic Dart               Conj           0%         1d3       45%         1
 Pain                     Necr           0%         1d4       45%         1
 Blink                    Tloc           N/A        N/A       61%         2
 Call Imp                 Summ           0%         N/A       61%         2
 Slow                     Hex            0%         N/A       61%         2
 Conjure Flame            Conj/Fire      0%         6-21      83%         3
 Inner Flame              Hex/Fire       0%         N/A       83%         3
 Mephitic Cloud           Conj/Pois/Air  0%         N/A       83%         3
 Portal Projectile        Hex/Tloc       0%         N/A       83%         3
 Vampiric Draining        Necr           0%         2d6       83%         3
 Animate Dead             Necr           0%         N/A       99%         4
 Cause Fear               Hex            0%         N/A       99%         4
 Leda's Liquefaction      Hex/Erth       0%         N/A       99%         4
 Agony                    Necr           0%         N/A       100%        5


Dungeon Overview and Level Annotations

Branches:
Dungeon (8/15)             Temple (1/1) D:5
   Lair: D:8-11

Altars:
Ashenzari
Cheibriados
Dithmenos
Elyvilon
Fedhas
Gozag
Hepliaklqana
Kikubaaqudgha
Makhleb
Nemelex Xobeh
Okawaru
Ru
Sif Muna
Trog
Vehumet
Wu Jian
Xom
Zin
The Shining One

Shops:
D:2 *

Annotations:
D:8 Gastronok


Innate Abilities, Weirdness & Mutations

((You are quick and stealthy near water. (Stealth+, EV+, Speed+++)))
Your lower body shifts to a powerful aquatic tail in water.


Message History

You barely miss the orc warrior.
The orc warrior is lightly wounded.
The orc warrior hits you with a +0 glaive!
You hit the orc warrior. You freeze the orc warrior.
The orc warrior is moderately wounded.
The orc warrior closely misses you.
You puncture the orc warrior! You freeze the orc warrior.
The orc warrior is severely wounded.
You closely miss the orc warrior.
The orc warrior is severely wounded.
The orc warrior misses you.
You hit the orc warrior but do no damage.
The orc warrior is severely wounded.
The orc warrior barely misses you. The orc warrior closely misses you.
You gain the combat prowess of a mighty hero.
The orc warrior misses you.
An orc comes into view. It is wielding a +0 club.
The orc warrior closely misses you.
The orc shouts!
You puncture the orc warrior! You freeze the orc warrior.
You kill the orc warrior!
Okawaru accepts your kill.
You slash the orc! You freeze the orc.
You kill the orc!
Okawaru accepts your kill.
The orc warrior hits you with a +0 scimitar!
You closely miss the orc warrior. You hit the orc warrior.
You freeze the orc warrior.
The orc warrior is lightly wounded.
The orc warrior hits you with a +0 scimitar!
* * * LOW HITPOINT WARNING * * *
Okay, then.
Unknown command.
The orc completely misses you.
Gastronok the Ponderous comes into view.
He is wearing a +2 hat of see invisible.
Gastronok gurgles horribly!
Gastronok gurgles, "A snack!
A snack!"
Gastronok waves his eye-stalks in wide circles.
The air twists around and strikes you!!
You die...

############ ##
#............###.
#.# ###..o)#.. #
#.# #...##)#.##
.#### #.#
#..o#..#..#?.....
#.# #.......))).#
#.# #o####.#.####
#.# #@....).....#
#.#####...#.w#.#..#
#..<......##.#.$#.#
#######......#...##
#..######### #..#
#... ..... ##.#..


You could see Gastronok, an orc warrior and an orc.

Vanquished Creatures
  A shadow (D:7)
  Menkaure (D:7)
  2 water moccasins (D:6)
  3 orc warriors
  3 sky beasts (D:7)
  A black bear (D:4)
  An ogre (D:6)
  A centaur (D:5)
  2 phantoms
  A bullfrog (D:7)
  4 scorpions
  6 wights (D:7)
  2 howler monkeys
  6 orc priests
  5 hounds
  A jelly (D:7)
  A centaur zombie (D:8)
  Crazy Yiuf (D:2)
  A centaur skeleton (D:7)
  Jessica (D:2)
  3 orc wizards
  A howler monkey skeleton (D:7)
  5 adders
  2 shadow imps
  A white imp (D:6)
  4 worms
  A dart slug (D:3)
  19 orcs
  5 endoplasms
  9 giant cockroaches
  16 goblins
  13 hobgoblins
  13 jackals
  4 quokkas
  8 ball pythons
  7 bats
  2 frilled lizards
  7 kobolds
  8 rats
172 creatures vanquished.

Notes
Turn   | Place    | Note
-------+----------+-------------------------------------------
     0 | D:1      | tardwrangler69 the Merfolk Gladiator began the quest for
                  | the Orb.
     0 | D:1      | Reached XP level 1. HP: 16/16 MP: 1/1
   471 | D:1      | Reached XP level 2. HP: 12/23 MP: 2/2
   641 | D:1      | Reached skill level 5 in Polearms
   872 | D:1      | Found a faded altar of an unknown god.
  1094 | D:1      | Reached XP level 3. HP: 28/28 MP: 3/3
  1706 | D:1      | Identified 2 scrolls of acquirement
  1706 | D:1      | Acquired 764 gold pieces
  1707 | D:1      | Acquired the +5 halberd of the Bouncing Coins {freeze,
                  | Contam *Corrode rF+++ rC+++}
  1834 | D:2      | Found an ancient bone altar of Kikubaaqudgha.
  1837 | D:2      | Noticed Jessica
  1841 | D:2      | Killed Jessica
  1842 | D:2      | Reached skill level 6 in Polearms
  1842 | D:2      | Reached XP level 4. HP: 26/35 MP: 4/4
  2252 | D:2      | Found Meluh's General Store.
  2260 | D:2      | Bought a scroll of teleportation for 33 gold pieces
  2504 | D:2      | Found a runed translucent door.
  2505 | D:2      | Noticed Crazy Yiuf
  2515 | D:2      | Killed Crazy Yiuf
  2516 | D:2      | Reached skill level 5 in Dodging
  2516 | D:2      | Reached XP level 5. HP: 10/41 MP: 1/5
  2852 | D:3      | Found a shimmering altar of Xom.
  2852 | D:3      | Found a glowing golden altar of the Shining One.
  3089 | D:3      | Reached skill level 7 in Polearms
  3868 | D:4      | Reached XP level 6. HP: 48/48 MP: 6/6
  4088 | D:4      | Found a sparkling altar of Nemelex Xobeh.
  4232 | D:4      | Noticed a black bear
  4235 | D:4      | Killed a black bear
  4405 | D:4      | Reached skill level 8 in Polearms
  4924 | D:5      | Entered Level 5 of the Dungeon
  4935 | D:5      | Reached XP level 7. HP: 47/55 MP: 7/7
  5166 | D:5      | Reached skill level 9 in Polearms
  5525 | D:5      | Found a staircase to the Ecumenical Temple.
  5531 | Temple   | Entered the Ecumenical Temple
  5629 | Temple   | Became a worshipper of Warmaster Okawaru
  5730 | D:5      | Found a snail-covered altar of Cheibriados.
  5841 | D:5      | Found a shadowy altar of Dithmenos.
  6046 | D:6      | Reached skill level 5 in Fighting
  6198 | D:6      | Reached XP level 8. HP: 62/62 MP: 8/8
  6209 | D:6      | Reached skill level 10 in Polearms
  6388 | D:6      | Reached * piety under Okawaru
  6643 | D:6      | Reached skill level 11 in Polearms
  7353 | D:7      | Noticed Menkaure
  7358 | D:7      | Killed Menkaure
  7359 | D:7      | Reached XP level 9. HP: 71/71 MP: 9/9
  7446 | D:7      | Reached skill level 12 in Polearms
  7465 | D:7      | Reached ** piety under Okawaru
  7908 | D:7      | Reached skill level 13 in Polearms
  8135 | D:8      | Noticed Gastronok
  8136 | D:8      | Killed from afar by Gastronok

Illustrated notes

Levels and vault maps discovered:
D:1:      minmay_arrival_widening_spiral_wide, layout_loops_corners,
          serial_forest, infiniplex_forest_clump_tiny,
          infiniplex_forest_corner_1, infiniplex_forest_zigzag_1,
          infiniplex_forest_lined_corner, infiniplex_forest_clump_double,
          infiniplex_forest_corner_2, shapermc_ecumenical_altar_gd,
          hangedman_decor_points, grunt_decor_resistance, minmay_tetromino_s2
D:2:      layout_loops_ring, basic_altar, serial_shops, nicolae_shop_waterfront,
          uniq_crazy_yiuf_cottage, uniq_jessica
D:3:      cheibrodos_greedy_goblins, layout_basic,
          chequers_temple_overflow_statue_of_worship
D:4:      layout_layer_cave, nemelex_diamond_rough_becter
D:5:      layout_basic, general_overflow_altar, slow_altar_1,
          minmay_temple_entry_fiery, kennysheep_small_spiral, amethyst_killhole
D:6:      layout_loops_ring, kennysheep_generic_room_6
D:7:      layout_basic, minmay_misc_feat_doors, kennysheep_generic_room_14,
          uniq_menkaure
D:8:      layout_loops_ring, hangedman_abyss_or_decor_passed, uniq_gastronok,
          uniq_erica
Temple:   jpeg_temple_clearing

Skill      XL: |  1  2  3  4  5  6  7  8  9 |
---------------+----------------------------+-----
Polearms       | 5 6 7 8 9 11 13 | 13.3
Fighting       | 3 4 5 6 7 |  7.5
Dodging        | 5 6 7 8 9 |  9.4
Throwing       | |  2.0

Action                   |  1- 3 |  4- 6 |  7- 9 || total
-------------------------+-------+-------+-------++-------
Melee: Trident           |    87 |       |       ||    87
       Halberd           |     8 |   157 |   174 ||   339
Invok: Heroism           |       |       |     1 ||     1
  Use: Scroll            |     3 |     1 |       ||     4
       Potion            |       |     1 |       ||     1
 Stab: Sleeping          |     3 |     3 |     1 ||     7
       Distracted        |       |     1 |       ||     1
Armor: Leather armour    |    31 |    46 |    15 ||    92
       Skin              |       |     2 |       ||     2
Dodge: Dodged            |    54 |    85 |    76 ||   215

Table legend: (Time is in decaauts)
 A = Elapsed time spent in this place.
 B = Non-inter-level travel time spent in this place.
 C = Inter-level travel time spent in this place.
 D = Time resting spent in this place.
 E = Time spent auto-exploring this place.
 F = Levels seen in this place.
 G = Mean time per level.
                   A        B        C        D        E       F      G
               +--------+--------+--------+--------+--------+-----+--------+
         Total |   8148 |   7799 |    349 |     30 |   6925 |   9 |  905.3 |
       Dungeon |   8021 |   7728 |    293 |     30 |   6856 |   8 | 1002.6 |
        Temple |    126 |     70 |     56 |      0 |     69 |   1 |  126.0 |
               +--------+--------+--------+--------+--------+-----+--------+

Top non-repeatable levels by time:
     D:1: 1770 daAuts
     D:6: 1271 daAuts
     D:4: 1109 daAuts
     D:2: 1080 daAuts
     D:3: 989 daAuts
     D:5: 949 daAuts
     D:7: 782 daAuts
  Temple: 126 daAuts
     D:8: 67 daAuts
